 Dungeon Crawl Stone Soup version 0.26.0-3-g156281e41b (webtiles) character file.

Game seed: 7697103841384451856

8613 Myro the Basher (level 11, -5/82 HPs)
             Began as a Palentonga Wanderer on Jan 10, 2021.
             Was an Initiate of Uskayaw.
             Engulfed by a cloud of flame (19 damage)
             ... in a volcano.
             The game lasted 00:27:24 (14636 turns).

Myro the Basher (Palentonga Wanderer)              Turns: 14636, Time: 00:27:25

Health: -5/82      AC: 15    Str: 20    XL:     11   Next: 12%
Magic:  15/18      EV:  7    Int: 15    God:    Uskayaw [......]
Gold:   247        SH:  0    Dex:  9    Spells: 9/10 levels left

rFire    . . .     SeeInvis +   C - +2 broad axe (venom)
rCold    . . .     Faith    .   (no shield)
rNeg     . . .     Spirit   .   c - +2 scale mail
rPois    .         Reflect  .   e - +0 helmet {Int+3}
rElec    .         Harm     .   d - +0 cloak
rCorr    .         Rampage  .   y - +0 pair of gloves
Will     .....                  (no barding)
Stlth    ..........             (no amulet)
HPRegen  0.23/turn              z - +4 ring of protection
MPRegen  0.16/turn              (no ring)

@: no status effects
A: large, rugged brown scales 3, see invisible, deformed body, roll 1, armoured
tail, reflexive curl
a: Rolling Charge, Renounce Religion


You were in a volcano.
You worshipped Uskayaw.
Uskayaw was aware of your devotion.
You visited 3 branches of the dungeon, and saw 12 of its levels.
You also visited: Volcano.

You collected 546 gold pieces.
You spent 299 gold pieces at shops.

Inventory:

Hand Weapons
 n - a +1 whip of venom
 C - a +2 broad axe of venom (weapon)
Missiles
 h - 33 poisoned darts
 x - 6 atropa-tipped darts
 B - 2 javelins
 G - a throwing net
Armour
 c - a +2 scale mail (worn)
 d - a +0 cloak (worn)
 e - a +0 helmet of intelligence (worn)
 y - a +0 pair of gloves (worn)
Jewellery
 m - an uncursed ring of magical power {unknown}
 z - a +4 ring of protection (left hand)
Wands
 a - a wand of flame (16)
 r - a wand of disintegration (22)
 v - a wand of enslavement (6)
Scrolls
 f - a scroll of identify
 k - 6 scrolls of teleportation
 l - a scroll of fear
 o - a scroll of remove curse
 q - 4 scrolls of blinking
Potions
 b - 3 potions of attraction
 g - 3 potions of lignification
 i - 2 potions of mutation
 j - 2 potions of haste
 s - 2 potions of might
 t - a potion of berserk rage
 u - 2 potions of heal wounds
 w - 3 potions of curing
 A - a potion of magic {unknown}
 D - a potion of invisibility {unknown}
 E - a potion of brilliance {unknown}
 F - a potion of flight {unknown}


   Skills:
 - Level 1.0 Fighting
 + Level 9.7(11.7) Axes
 - Level 10.9(12.3) Maces & Flails
 - Level 1.0 Throwing
 - Level 1.0 Armour
 - Level 4.0 Hexes
 - Level 1.0 Transmutations
 - Level 10.1 Invocations
 - Level 1.0 Evocations


You had 9 spell levels left.
You knew the following spells:

 Your Spells              Type           Power        Failure   Level
a - Shock                 Conj/Air       0%           63%         1

Your spell library contained the following spells:

 Spells                   Type           Power        Failure   Level
 Sandblast                Erth           0%           63%         1
 Passwall                 Tmut/Erth      0%           69%         2
 Poisonous Vapours        Pois/Air       0%           77%         2
 Conjure Flame            Conj/Fire      0%           94%         3
 Mephitic Cloud           Conj/Pois/Air  0%           94%         3
 Static Discharge         Conj/Air       0%           94%         3
 Stone Arrow              Conj/Erth      0%           94%         3
 Petrify                  Tmut/Erth      1%           100%        4
 Lee's Rapid Deconstruct  Erth           0%           100%        5
 Freezing Cloud           Conj/Ice/Air   0%           100%        6


Dungeon Overview and Level Annotations

Branches:
Dungeon (10/15)            Temple (1/1) D:7            Lair (1/6) D:10
    Orc (0/2) D:10        Volcano (1/1)

Altars:
Dithmenos
Fedhas
Hepliaklqana
Makhleb
Nemelex Xobeh
Qazlal
Sif Muna
Uskayaw
Vehumet
Wu Jian
Xom
Zin

Shops:
D:6 (   D:8 ?:

Portals:
Ice
Cave: Lair:1


Innate Abilities, Weirdness & Mutations

You are completely covered in rugged brown scales. (AC +3, +7% HP)
You have supernaturally acute eyesight. (SInv)
Armour fits poorly on your strangely shaped body.
You can roll at nearby foes to attack.
You have a long armoured tail.
You curl defensively after being hit.


Message History

The flying skull hits you but does no damage.
Okay, then.
Okay, then.
You feel much better.
The flying skull hits you but does no damage.
You hit the flying skull.
The flying skull is heavily damaged.
In the distance, the volcano erupts with a roar.
You are engulfed in blazing flames.
* * * LOW HITPOINT WARNING * * *
The flying skull is engulfed in blazing flames.
The flying skull hits you but does no damage.
The flying skull is engulfed in blazing flames.
The flying skull barely misses you.
You can now stomp with the beat.
You stomp with the beat, sending a shockwave through the revellers around you!
You destroy the flying skull!
You can no longer stomp with the beat.
You are engulfed in blazing flames.
You die...

≈≈≈≈≈≈≈≈≈≈§≈.....#
○§°§§§☼≈○°≈§.§.....#
§○○§§§°§○°°......#
°○○°○○§§........#
°°○○○°§.°○°.∩..##
○○○○○°○○°°°....#
○○§°○°°○°°..####
°○○○°○○°°°.##
#○☼☼○○°@○###
○°○#°○°### ####


There were no monsters in sight!

Vanquished Creatures
  Harold (D:7)
  2 two-headed ogres
  An ugly thing (D:10)
  An oklob plant (D:10)
  Joseph (D:10)
  Maggie (D:10)
  3 flying skulls (Volcano)
  Sigmund (D:5)
  4 yaks (D:10)
  2 wyverns (D:10)
  Grum (D:10)
  2 orc warriors
  2 sky beasts
  2 ice beasts
  A black bear (D:9)
  2 ogres
  4 centaurs
  2 wolves (D:10)
  A big kobold (D:9)
  3 bullfrogs
  A water moccasin zombie (D:6)
  3 scorpions
  11 wights
  5 howler monkeys
  A crimson imp (D:3)
  2 jellies
  A quasit (D:6)
  5 hounds
  3 orc priests
  A bullfrog skeleton (D:5)
  A gnoll shaman (D:4)
  4 orc wizards
  2 centaur skeletons
  6 iguanas
  3 worker ants
  A howler monkey zombie (D:7)
  9 adders
  13 gnolls
  A river rat (D:6)
  4 shadow imps
  A white imp (D:8)
  2 ufetubi
  An ooze (D:3)
  7 adder skeletons
  4 worms
  4 dart slugs
  3 leopard geckos
  21 orcs
  8 bats
  3 giant cockroaches
  5 goblins
  8 hobgoblins
  7 jackals
  10 kobolds
  A quokka (D:4)
  2 ball pythons
  2 frilled lizards
  A jackal skeleton (D:5)
  6 rats
210 creatures vanquished.

Vanquished Creatures (others)
  An orc (D:10)
  12 plants (D:10)
13 creatures vanquished.

Grand Total: 223 creatures vanquished

Notes
Turn   | Place    | Note
-------+----------+-------------------------------------------
     0 | D:1      | Myro the Palentonga Wanderer began the quest for the Orb.
     0 | D:1      | Myro set off with the following items: a +0 club, a +2
                  | scale mail; and the following spell memorised: Shock; and
                  | the following spells available to memorise: Static
                  | Discharge
     0 | D:1      | Reached XP level 1. HP: 17/17 MP: 1/1
   278 | D:1      | Reached XP level 2. HP: 24/24 MP: 2/2
   679 | D:1      | You fall into a shaft and drop 1 floor!
   840 | D:2      | Reached XP level 3. HP: 11/29 MP: 3/3
  1596 | D:2      | Reached XP level 4. HP: 34/37 MP: 4/4
  1710 | D:2      | Found a faded altar of an unknown god.
  2723 | D:3      | You fall into a shaft and drop 1 floor!
  2740 | D:4      | Reached skill level 5 in Maces & Flails
  2740 | D:4      | Reached XP level 5. HP: 36/42 MP: 5/5
  3209 | D:3      | Found a burning altar of Makhleb.
  3523 | D:4      | Reached XP level 6. HP: 45/50 MP: 6/6
  3982 | D:4      | Gained mutation: You curl defensively after being hit.
                  | [Palentonga growth]
  3982 | D:4      | Reached XP level 7. HP: 44/55 MP: 7/7
  4289 | D:5      | Entered Level 5 of the Dungeon
  5341 | D:5      | Noticed Sigmund
  5350 | D:5      | Killed Sigmund
  5351 | D:5      | Reached XP level 8. HP: 57/63 MP: 8/8
  6111 | D:6      | Reached skill level 10 in Maces & Flails
  6447 | D:6      | Found Reewekum's Antique Weapon Emporium.
  6520 | D:6      | Found a stormy altar of Qazlal.
  6537 | D:6      | Found a hide-covered altar of Uskayaw.
  6543 | D:6      | Found a hazy altar of Hepliaklqana.
  6546 | D:6      | Found a shimmering altar of Xom.
  6549 | D:6      | Found a blossoming altar of Fedhas.
  6553 | D:6      | Became a worshipper of Uskayaw the Reveller
  6563 | D:6      | Reached * piety under Uskayaw
  6565 | D:6      | Reached skill level 1 in Invocations
  6571 | D:6      | Reached ** piety under Uskayaw
  6579 | D:6      | Reached *** piety under Uskayaw
  6620 | D:6      | Found a shadowy altar of Dithmenos.
  6732 | D:6      | Bought a runed broad axe for 224 gold pieces
  6794 | D:6      | Got a pitted dagger
  6794 | D:6      | Identified the +9 dagger of Slow Death {antimagic, rPois
                  | Will+} (You found it on level 6 of the Dungeon)
  6955 | D:7      | Reached skill level 1 in Axes
  7237 | D:7      | Noticed Harold
  7917 | D:7      | Reached XP level 9. HP: 37/68 MP: 7/11
  7917 | D:7      | Reached **** piety under Uskayaw
  8334 | D:7      | Found a staircase to the Ecumenical Temple.
  8602 | D:7      | HP: 2/66 [Harold/+0 scimitar (20)]
  8606 | D:7      | Killed Harold
  8607 | D:7      | Reached skill level 5 in Invocations
  8611 | Temple   | Entered the Ecumenical Temple
  9049 | D:8      | Reached skill level 5 in Axes
  9278 | D:8      | Found Kecut's Magic Scroll Emporium.
  9295 | D:8      | Bought a scroll of teleportation for 45 gold pieces
  9295 | D:8      | Bought a scroll of identify for 30 gold pieces
  9335 | D:8      | Found Memewaaxt's Book Shop.
  9841 | D:8      | Found a shimmering blue altar of Sif Muna.
 10014 | D:9      | Noticed a two-headed ogre
 10411 | D:9      | Killed a two-headed ogre
 10412 | D:9      | Reached XP level 10. HP: 17/75 MP: 9/15
 11461 | D:10     | Entered Level 10 of the Dungeon
 11579 | D:10     | Noticed a two-headed ogre
 11598 | D:10     | Killed a two-headed ogre
 12074 | D:10     | Noticed Maggie
 12095 | D:10     | Found a staircase to the Orcish Mines.
 12101 | D:10     | Killed Maggie
 12449 | D:10     | Noticed Joseph
 12706 | D:10     | Noticed Grum
 12719 | D:10     | Killed Grum
 12877 | D:10     | Noticed a brown ugly thing
 12926 | D:10     | Killed a brown ugly thing
 13249 | D:10     | Reached skill level 10 in Invocations
 13326 | D:10     | Noticed an oklob plant
 13530 | D:10     | Killed Joseph
 13531 | D:10     | Reached XP level 11. HP: 33/82 MP: 18/18
 13826 | D:10     | Found a staircase to the Lair.
 14251 | D:10     | Killed an oklob plant
 14534 | Lair:1   | Entered Level 1 of the Lair of Beasts
 14535 | Lair:1   | Found a frozen archway.
 14541 | Lair:1   | Found a dark tunnel.
 14547 | Volcano  | Entered a volcano
 14636 | Volcano  | Engulfed by a cloud of flame

Illustrated notes

Levels and vault maps discovered:
D:1:      dpeg_arrival_leaves_temple_mockup, layout_rooms
D:2:      minmay_diamond_boxcup, layout_loops_ring,
          chequers_ecumenical_altar_simple, minmay_between
D:3:      layout_loops_corners, makhleb_grotto_becter
D:4:      kennysheep_big_flooded_room, layout_cave_pools, lemuel_old_faithful
D:5:      minmay_general_purpose_star, layout_loops_ring, minmay_manual_mail,
          uniq_sigmund
D:6:      layout_basic, grunt_dithmenos_smoke, grunt_temple_overflow_open,
          serial_shops, nicolae_shop_crystal, portal_sewer_entry_a
D:7:      layout_basic, minmay_temple_entry_glass, uniq_harold
D:8:      layout_loops_ring, lemuel_doored_altar, serial_shops, shop, shop
D:9:      layout_loops_cross, grunt_ministairs_10
D:10:     layout_loops_ring, dpeg_oklobed_lair, orc_0_dummy, uniq_maggie,
          uniq_grum, uniq_joseph
Temple:   zaba_magenta_temple
Lair:1:   layout_cave_shapes, nicolae_volcano_entry_lava_flow,
          portal_ice_cave_entry_pillars_1, st_stairs_10,
          minmay_lair_oklob_bushes, beast_lair_carwin_6, lemuel_fruit_tree
Volcano:  volcano_tomb [vts_original]

Skill      XL: |  1  2  3  4  5  6  7  8  9 10 |
---------------+-------------------------------+-----
Maces & Flails | 2 3 5 6 7 9 10 | 10.9
Invocations    | 3 7 10 | 10.1
Axes           | 2 6 9 |  9.7
Fighting       | |  1.0
Throwing       | |  1.0
Armour         | |  1.0
Hexes          | |  4.0
Transmutations | |  1.0
Evocations     | |  1.0

Action                   |  1- 3 |  4- 6 |  7- 9 | 10-12 || total
-------------------------+-------+-------+-------+-------++-------
Melee: Club              |   201 |    57 |       |       ||   258
       Tailslap          |    13 |    24 |    62 |    15 ||   114
       Whip              |       |   144 |   432 |       ||   576
       Dagger            |       |       |    26 |       ||    26
       Broad axe         |       |       |    45 |   163 ||   208
Throw: Dart              |       |     7 |     3 |       ||    10
Invok: Stomp             |       |       |     6 |     4 ||    10
       Line Pass         |       |       |     1 |     3 ||     4
 Abil: Rolling Charge    |    13 |    10 |     5 |     9 ||    37
  Use: Scroll            |       |       |     6 |    10 ||    16
       Potion            |       |       |       |     1 ||     1
 Stab: Invisible         |       |       |     2 |       ||     2
       Paralysed         |       |       |     8 |     8 ||    16
Armor: Scale mail        |   141 |    86 |   197 |   103 ||   527
Dodge: Dodged            |    92 |    70 |   134 |    84 ||   380
